 Dungeon Crawl Stone Soup version 0.23.0 (webtiles) character file.

Game seed: 7552241645711152376

12940 poirepourri the Severer (level 11, -11/104 HPs)
             Began as a Minotaur Fighter on Feb 16, 2019.
             Was a High Priest of Okawaru.
             Mangled by a large slime creature (34 damage)
             ... on level 12 of the Dungeon.
             The game lasted 00:09:14 (11162 turns).

poirepourri the Severer (Minotaur Fighter)         Turns: 11162, Time: 00:09:14

Health: -11/104    AC:  9    Str: 21    XL:     11   Next: 69%
Magic:  10/10      EV:  9    Int: 11    God:    Okawaru [*****.]
Gold:   525        SH: 14    Dex: 13    Spells: 10/10 levels left

rFire    + . .     SeeInvis .   a - +4 war axe
rCold    . . .     Gourm    .   c - +2 shield
rNeg     + . .     Faith    .   s - +0 scale mail
rPois    .         Spirit   .   I - +1 hat {MR+}
rElec    .         Reflect  .   d - -1 cloak of the Gardener {*Slow rF+ rN+ Int+6}
rCorr    +         Harm     .   (no gloves)
MR       +....                  m - +0 pair of boots
Stlth    ..........             (no amulet)
HPRegen  0.27/turn              o - +1 ring of evasion
MPRegen  0.12/turn              u - ring of resist corrosion

@: flying
A: retaliatory headbutt, horns 2
a: Heroism, Finesse, Renounce Religion


You were on level 12 of the Dungeon.
You worshipped Okawaru.
Okawaru was extremely pleased with you.
You were not hungry.

You visited 2 branches of the dungeon, and saw 13 of its levels.

You collected 525 gold pieces.

Inventory:

Hand Weapons
 a - a +4 war axe (weapon)
 b - a +2 flail of protection
 y - a +0 hand crossbow
Missiles
 i - 22 tomahawks
 j - 106 bolts
 B - 6 javelins (quivered)
Armour
 c - a +2 shield (worn)
 d - the -1 cloak of the Gardener (worn) {*Slow rF+ rN+ Int+6}
   (Okawaru gifted it to you on level 11 of the Dungeon)

   It affects your intelligence (+6).
   It protects you from fire.
   It protects you from negative energy.
   It may slow you when you take damage.
 e - a scarf of resistance
 m - a +0 pair of boots (worn)
 s - a +0 scale mail (worn)
 E - a scarf of cloud immunity
 I - a +1 hat of magic resistance (worn)
Jewellery
 o - a +1 ring of evasion (left hand)
 u - a ring of resist corrosion (right hand)
Wands
 n - a wand of paralysis (12)
 v - a wand of polymorph (9)
 A - a wand of random effects (28)
 C - a wand of flame (10)
Scrolls
 k - 5 scrolls of teleportation
 l - 6 scrolls of identify
 t - 4 scrolls of remove curse
 F - a scroll of fog
 J - a scroll of noise {unknown}
Potions
 g - 2 potions of agility
 h - 2 potions of lignification
 q - 2 potions of haste
 r - a potion of curing
 w - 2 potions of cancellation
 x - a potion of flight
 z - a potion of berserk rage
 H - a potion of ambrosia
Comestibles
 p - 7 rations


   Skills:
 - Level 12.1 Fighting
 - Level 16.0 Axes
 - Level 3.6 Armour
 + Level 10.0 Shields


You had 10 spell levels left.
You didn't know any spells.
Your spell library contained the following spells:

 Spells                   Type           Power        Failure   Level  Hunger
 Apportation              Tloc           #.....       88%         1    ##.....
 Summon Butterflies       Summ           #.......     88%         1    ##.....
 Lesser Beckoning         Tloc           #.........   99%         3    ####...
 Tukima's Dance           Hex            #.......     99%         3    ####...
 Alistair's Intoxication  Tmut/Pois      #.......     100%        5    ######.
 Invisibility             Hex            #.......     100%        6    #######


Dungeon Overview and Level Annotations

Branches:
Dungeon (12/15)            Temple (1/1) D:5            Lair (0/6) D:11
    Orc (0/2) D:11

Altars:
Ashenzari
Cheibriados
Dithmenos
Elyvilon
Fedhas
Gozag
Hepliaklqana
Kikubaaqudgha
Makhleb
Nemelex Xobeh
Okawaru
Qazlal
Ru
Sif Muna
Trog
Uskayaw
Vehumet
Wu Jian
Xom
Yredelemnul
Zin
The Shining One

Shops:
D:9 (

Annotations:
D:7 1 runed translucent door, lextramoth's ghost, novice CeHu


Innate Abilities, Weirdness & Mutations

You reflexively headbutt those who attack you in melee.
You have a pair of horns on your head.


Message History

* * * LOW HITPOINT WARNING * * *
Unknown command.
Unknown command.
Evoke which item? (* to show all) (? for menu, Esc to quit)
Aiming: Scattershot
Press: ? - help, Shift-Dir - straight line, f/p - titanic slime creature
Aim: a titanic slime creature (severely wounded)
The burst of metal fragments hits the titanic slime creature!
The burst of metal fragments hits the titanic slime creature.
The burst of metal fragments hits the titanic slime creature! x2
The titanic slime creature is severely wounded.
The now-empty wand crumbles to dust.
A titanic slime creature splits.
You slash the large slime creature! You headbutt the large slime creature.
The large slime creature is almost dead.
You hit the very large slime creature but do no damage.
You slice the large slime creature!!
The large slime creature is almost dead.
You slash the very large slime creature!
The large slime creature hits you!!
You die...

#≈.≈#.# .#
#≈.≈#.# .#
####≈.≈#.# .#
###...≈≈≈..# .#
##.#.###.####
##....# #.#
##.....###.#
#.##..J........
#....@J...###..
######....#
#.## #..#.# #.#
#+###.. .## .#


You could see a very large slime creature and a large slime creature.

Vanquished Creatures
  Gastronok (D:11)
  2 manticores
  Maurice (D:8)
  A centaur zombie (D:11)
  2 trolls (D:11)
  3 hippogriffs
  A slime creature (D:12)
  Prince Ribbit (D:5)
  Sigmund (D:3)
  A wraith (D:11)
  Eustachio (D:6)
  12 yaks
  A basilisk (D:11)
  2 wyverns
  3 hogs (D:10)
  A human (D:10)
  3 wargs (D:11)
  Edmund (D:5)
  A water moccasin (D:8)
  6 orc warriors
  2 phantoms
  3 sky beasts
  7 ogres
  2 ice beasts
  2 centaurs
  2 big kobolds
  Blork the orc (D:4)
  4 bullfrogs
  4 gnoll sergeants (D:11)
  A wyvern skeleton (D:10)
  A scorpion (D:5)
  A water moccasin skeleton (D:8)
  5 killer bees (D:9)
  9 wights
  2 vampire bats (D:4)
  2 howler monkeys (D:5)
  4 crimson imps
  A bullfrog zombie (D:8)
  A jelly (D:5)
  3 bullfrog skeletons
  A quasit (D:8)
  A gnoll shaman (D:9)
  5 orc priests
  4 hounds
  Ijyb (D:5)
  Terence (D:3)
  3 orc wizards
  8 worker ants
  2 killer bee zombies
  A howler monkey zombie (D:11)
  10 adders
  3 gnolls (D:9)
  2 shadow imps (D:5)
  4 oozes
  2 adder skeletons
  4 worms
  A dart slug (D:1)
  7 leopard geckos
  33 orcs
  A ball python (D:1)
  7 bats
  4 bat skeletons
  5 bat zombies
  4 giant cockroaches
  9 goblins
  A hobgoblin (D:1)
  11 jackals
  14 kobolds
  6 quokkas
  A ball python skeleton (D:2)
  A ball python zombie (D:2)
  4 frilled lizards
  4 giant cockroach zombies (D:2)
  2 jackal skeletons (D:2)
  A jackal zombie (D:2)
  A leopard gecko skeleton (D:2)
  A quokka zombie (D:9)
  9 rats
281 creatures vanquished.

Notes
Turn   | Place    | Note
-------+----------+-------------------------------------------
     0 | D:1      | poirepourri the Minotaur Fighter began the quest for the
                  | Orb.
     0 | D:1      | Reached XP level 1. HP: 19/19 MP: 0/0
    47 | D:1      | Reached skill level 3 in Axes
   244 | D:1      | Reached XP level 2. HP: 26/26 MP: 1/1
   732 | D:1      | You fall through a shaft!
   732 | D:2      | Found a basalt altar of Yredelemnul.
   777 | D:2      | Reached skill level 4 in Axes
   816 | D:2      | Reached XP level 3. HP: 26/31 MP: 2/2
  1027 | D:2      | Reached skill level 5 in Axes
  1041 | D:2      | Reached XP level 4. HP: 15/39 MP: 3/3
  1070 | D:2      | HP: 1/39 [poisoned by an adder]
  1770 | D:3      | Reached skill level 6 in Axes
  2116 | D:3      | Noticed Terence
  2122 | D:3      | Killed Terence
  2122 | D:3      | Reached XP level 5. HP: 39/45 MP: 4/4
  2369 | D:3      | Found a shimmering altar of Xom.
  2378 | D:3      | Found a sparkling altar of Nemelex Xobeh.
  2422 | D:3      | Noticed Sigmund
  2430 | D:3      | Killed Sigmund
  2430 | D:3      | Reached skill level 7 in Axes
  2430 | D:3      | Reached XP level 6. HP: 43/51 MP: 5/5
  2721 | D:4      | Found a snail-covered altar of Cheibriados.
  2728 | D:4      | Reached skill level 8 in Axes
  2819 | D:4      | Found a radiant altar of Vehumet.
  2881 | D:4      | Noticed Blork the orc
  2886 | D:4      | Killed Blork the orc
  2963 | D:4      | Found a glowing golden altar of the Shining One.
  3113 | D:4      | Found an ancient bone altar of Kikubaaqudgha.
  3116 | D:4      | Reached skill level 9 in Axes
  3169 | D:5      | Entered Level 5 of the Dungeon
  3179 | D:5      | Reached XP level 7. HP: 57/57 MP: 6/6
  3334 | D:5      | Reached skill level 10 in Axes
  3369 | D:5      | Found a staircase to the Ecumenical Temple.
  3378 | Temple   | Entered the Ecumenical Temple
  3591 | Temple   | Became a worshipper of Warmaster Okawaru
  4012 | D:5      | Noticed Ijyb
  4019 | D:5      | Killed Ijyb
  4029 | D:5      | Noticed Edmund
  4038 | D:5      | Killed Edmund
  4038 | D:5      | Reached skill level 11 in Axes
  4038 | D:5      | Reached XP level 8. HP: 58/64 MP: 7/7
  4141 | D:5      | Noticed Prince Ribbit
  4152 | D:5      | Killed Prince Ribbit
  4278 | D:6      | Noticed Eustachio
  4305 | D:6      | Killed Eustachio
  4305 | D:6      | Reached skill level 12 in Axes
  4545 | D:6      | Noticed a manticore
  4555 | D:6      | Killed a manticore
  4555 | D:6      | Reached * piety under Okawaru
  4555 | D:6      | Reached skill level 13 in Axes
  4753 | D:6      | Found a sacrificial altar of Ru.
  4890 | D:6      | Reached XP level 9. HP: 55/70 MP: 8/8
  4990 | D:6      | Found a bloodstained altar of Trog.
  5112 | D:7      | Found a runed translucent door.
  5112 | D:7      | Noticed lextramoth's ghost (novice CeHu)
  5168 | D:7      | Noticed a two-headed ogre
  5177 | D:7      | HP: 1/70 [two-headed ogre/+0 giant club (8)]
  5735 | D:7      | Reached ** piety under Okawaru
  5735 | D:7      | Reached skill level 14 in Axes
  5994 | D:8      | Noticed Maurice
  6014 | D:8      | Killed Maurice
  6259 | D:8      | Reached skill level 15 in Axes
  6381 | D:8      | Found a burning altar of Makhleb.
  6902 | D:8      | Found a blossoming altar of Fedhas.
  6923 | D:8      | Reached *** piety under Okawaru
  7076 | D:9      | Reached skill level 16 in Axes
  7273 | D:9      | Reached XP level 10. HP: 80/80 MP: 9/9
  7309 | D:9      | Found Pegy's Antique Weapon Boutique.
  7378 | D:9      | Reached skill level 5 in Fighting
  7860 | D:10     | Entered Level 10 of the Dungeon
  8135 | D:10     | Reached **** piety under Okawaru
  8644 | D:10     | Reached skill level 10 in Fighting
  8653 | D:10     | Reached ***** piety under Okawaru
  9115 | D:11     | Reached XP level 11. HP: 43/103 MP: 10/10
  9514 | D:11     | Found a staircase to the Lair.
  9711 | D:11     | Noticed Gastronok
  9736 | D:11     | Killed Gastronok
  9736 | D:11     | Received a gift from Okawaru
  9865 | D:11     | Got a distressingly furry cloak {god gift}
  9883 | D:11     | Identified the -1 cloak of the Gardener {*Slow rF+ rN+
                  | Int+6} (Okawaru gifted it to you on level 11 of the
                  | Dungeon)
 10763 | D:11     | Found a staircase to the Orcish Mines.
 11132 | D:12     | Reached skill level 10 in Shields
 11162 | D:12     | Mangled by a large slime creature

Skill      XL: |  1  2  3  4  5  6  7  8  9 10 11 |
---------------+----------------------------------+-----
Axes           | 3 4 5 6 7 9 11 13 16 | 16.0
Fighting       | 4 11 12 | 12.1
Shields        | 10 | 10.0
Armour         | |  3.6

Action                   |  1- 3 |  4- 6 |  7- 9 | 10-12 || total
-------------------------+-------+-------+-------+-------++-------
Melee: War axe           |    81 |    81 |   285 |   301 ||   748
       Headbutt          |    14 |    13 |    43 |    60 ||   130
Evoke: Wand              |       |       |     6 |     6 ||    12
  Use: Scroll            |     5 |     6 |    14 |     5 ||    30
       Potion            |     1 |     3 |     3 |    16 ||    23
  Eat: Ration            |       |     2 |     3 |     4 ||     9
       Chunk             |       |       |     3 |     1 ||     4
Armor: Scale mail        |    32 |    34 |    97 |    65 ||   228
       Skin              |     2 |       |       |     7 ||     9
Dodge: Dodged            |    27 |    34 |    57 |    63 ||   181
Block: Shield            |    40 |    47 |   131 |   169 ||   387
